 Dungeon Sprint DCSS version 0.31-a0-851-g7ff8af7976 (webtiles) character file.

Game seed: 1278043429413104142

1433 sircluck the Grappler (level 8, -20/93 HPs)
             Began as a Troll Berserker on Oct 6, 2023.
             Was an Elder of Trog.
             Demolished by a two-headed ogre
             ... wielding a +0 giant spiked club
              (36 damage)
             ... in the Dungeon (Sprint IX: "|||||||||||||||||||||||||||||").
             The game lasted 00:00:45 (130 turns).

sircluck the Grappler (Troll Berserker)              Turns: 130, Time: 00:00:46

Health: -20/93     AC:  4    Str: 28    XL:     8   Next: 45%
Magic:  7/7        EV: 14    Int:  3    God:    Trog [****..]
Gold:   0          SH:  0    Dex: 15    Spells: 7/7 levels left

rFire   . .          .
                       - Unarmed
rCold   . . .        (no shield)
rNeg    . . .        a - +0 animal skin
rPois   .            (helmet restricted)
rElec   .            (no cloak)
rCorr   .            (gloves unavailable)
SInv    .            (boots unavailable)
Will    .....        (no amulet)
Stlth   +            j - +3 ring of dexterity
HPRegen 1.15/turn    k - +3 ring of dexterity
MPRegen 0.10/turn

%: no teleportation
@: on berserk cooldown, slowed, very slow
A: large, unfitting armour, claws 3, regeneration 1, shaggy fur 1, tough skin 1
a: Renounce Religion, Berserk, Trog's Hand, Brothers in Arms


You were in the Dungeon.
You worshipped Trog.
Trog was greatly pleased with you.
You visited 1 branch

Inventory:

Armour
 a - a +0 animal skin (worn)
Jewellery
 j - a +3 ring of dexterity (left claw)
 k - a +3 ring of dexterity (right claw)
Wands
 i - a wand of acid (10)
Scrolls
 g - 2 scrolls of blinking
Potions
 b - 5 potions of curing
 c - 3 potions of heal wounds
 d - a potion of haste
 e - 4 potions of magic
 f - a potion of berserk rage
 h - a potion of invisibility


   Skills:
 + Level 9.7 Fighting
 + Level 9.6 Dodging
 + Level 11.3 Unarmed Combat


You had 7 spell levels left.
You didn't know any spells.
Your spell library was empty.

Dungeon Overview and Level Annotations

Branches:
Dungeon (1/1)

Altars:
Cheibriados
Dithmenos
Elyvilon
Fedhas
Gozag
Hepliaklqana
Kikubaaqudgha
Makhleb
Nemelex Xobeh
Okawaru
Qazlal
Ru
Sif Muna
Trog
Uskayaw
Vehumet
Wu Jian
Xom
Yredelemnul
Zin
The Shining One
Jiyva
Lugonu


Innate Abilities, Weirdness & Mutations

You are too large for most types of armour.
You have claws for hands.
Your natural rate of healing is unusually fast.
You are covered in fur. (AC +1)
You have tough skin. (AC +1)


Message History

You have reached level 6!
You feel stronger.
You have reached level 7!
Unknown command.
You mangle the two-headed ogre!!
The two-headed ogre is heavily wounded.
The two-headed ogre closely misses you. x2
You claw the two-headed ogre!
The two-headed ogre is severely wounded.
The howler monkey hoots and howls with incredible vigour!
You hear a shout!
You claw the two-headed ogre!
The two-headed ogre is almost dead.
You mangle the two-headed ogre!!
You kill the two-headed ogre!
Trog accepts your kill.
Your Fighting skill increases to level 9!
Your Dodging skill increases to level 9!
Your Unarmed Combat skill increases to level 11!
You have reached level 8!
You mangle the killer bee!!
You kill the killer bee!
Trog accepts your kill.
You feel a strong urge to attack something.
You are no longer berserk.
You are exhausted.
You feel yourself slow down.
You claw the two-headed ogre!
The two-headed ogre is moderately wounded.
The two-headed ogre misses you.
The two-headed ogre hits you with a +0 giant club!!
* * * LOW HITPOINT WARNING * * *
The howler monkey hoots and howls with incredible vigour!
You hear a shout!
Unknown command.
Unknown command.
You scratch the two-headed ogre but do no damage.
The two-headed ogre is lightly wounded.
The two-headed ogre hits you with a +0 giant spiked club!!!
You die...

▓.▓
▓?▓
▓)▓
▓.▓
▓[▓
▓[▓
▓[▓
▓.▓
▓@▓
▓O▓
▓h▓
▓.▓
▓.▓
▓.▓
▓.▓
▓.▓


You could see a two-headed ogre and a howler monkey (catching breath).

Vanquished Creatures
  2 two-headed ogres (D)
  A wraith (D)
  A killer bee (D)
  A hound (D)
  An iguana (D)
  An orc wizard (D)
  An adder (D)
  A worm (D)
  A dart slug (D)
  An endoplasm (D)
  A goblin (D)
  2 hobgoblins (D)
14 creatures vanquished.

Notes
Turn   | Place    | Note
-------+----------+-------------------------------------------
     0 | D        | sircluck the Troll Berserker began the quest for the Orb.
     0 | D        | Reached XP level 1. HP: 22/22 MP: 0/0
    10 | D        | Reached ** piety under Trog
    16 | D        | Reached XP level 2. HP: 31/31 MP: 1/1
    25 | D        | Reached skill level 4 in Unarmed Combat
    25 | D        | Reached XP level 3. HP: 34/39 MP: 2/2
    27 | D        | Reached *** piety under Trog
    36 | D        | Reached skill level 5 in Unarmed Combat
    44 | D        | Reached XP level 4. HP: 38/49 MP: 3/3
    49 | D        | Reached **** piety under Trog
    55 | D        | Found a snail-covered altar of Cheibriados.
    55 | D        | Found a shadowy altar of Dithmenos.
    55 | D        | Found a white marble altar of Elyvilon.
    55 | D        | Found a blossoming altar of Fedhas.
    55 | D        | Found an opulent altar of Gozag.
    56 | D        | Found a hazy altar of Hepliaklqana.
    67 | D        | Found a viscous altar of Jiyva.
    68 | D        | Found an ancient bone altar of Kikubaaqudgha.
    69 | D        | Found a corrupted altar of Lugonu.
    70 | D        | Found a burning altar of Makhleb.
    71 | D        | Found a sparkling altar of Nemelex Xobeh.
    72 | D        | Found an iron altar of Okawaru.
    73 | D        | Found a stormy altar of Qazlal.
    74 | D        | Found a sacrificial altar of Ru.
    75 | D        | Found a shimmering blue altar of Sif Muna.
    76 | D        | Found a bloodstained altar of Trog.
    77 | D        | Found a hide-covered altar of Uskayaw.
    78 | D        | Found a radiant altar of Vehumet.
    79 | D        | Found an ornate altar of the Wu Jian Council.
    80 | D        | Found a shimmering altar of Xom.
    81 | D        | Found a basalt altar of Yredelemnul.
    82 | D        | Found a glowing silver altar of Zin.
    83 | D        | Found a glowing golden altar of the Shining One.
   107 | D        | Noticed a wraith
   107 | D        | Noticed a two-headed ogre
   107 | D        | Noticed a two-headed ogre
   107 | D        | Noticed a two-headed ogre
   115 | D        | Killed a wraith
   116 | D        | Reached skill level 7 in Unarmed Combat
   116 | D        | Reached XP level 5. HP: 61/61 MP: 4/4
   121 | D        | Killed a two-headed ogre
   122 | D        | Reached skill level 10 in Unarmed Combat
   122 | D        | Reached XP level 6. HP: 33/74 MP: 5/5
   122 | D        | Reached XP level 7. HP: 36/81 MP: 6/6
   125 | D        | Killed a two-headed ogre
   126 | D        | Reached skill level 11 in Unarmed Combat
   126 | D        | Reached XP level 8. HP: 44/93 MP: 7/7
   130 | D        | Demolished by a two-headed ogre

Illustrated notes

Levels and vault maps discovered:
D:        linesprint [early_d, line_temple, items_1, d_10, items_2, lair_1,
          lair_end, items_3, orc_1, orc_end, items_4, d_15, swamp_1, shoals_1,
          snake_1, spider_1, d_20, vaults_1, items_5, swamp_end, shoals_end,
          snake_end, spider_end, vaults_end, d_27, items_6, zot_1, zot_end,
          crypt_end, forest_end, elf_end, slime_end, tomb_end, abyss_end,
          pan_hell_end]

Skill      XL: |  1  2  3  4  5  6  7 |
---------------+----------------------+-----
Fighting       | 3 4 6 8 9 |  9.7
Dodging        | 3 4 6 8 9 |  9.6
Unarmed Combat | 4 5 7 10 11 | 11.3

Action                     |  1- 3 |  4- 6 |  7- 9 || total
---------------------------+-------+-------+-------++-------
  Melee: Unarmed           |    28 |    17 |     7 ||    52
         Punch             |       |     3 |       ||     3
 Invoke: Berserk           |       |     1 |       ||     1
 Armour: Animal skin       |    14 |    10 |     2 ||    26
  Dodge: Dodged            |     7 |     7 |     3 ||    17

Table legend: (Time is in decaauts)
 A = Elapsed time spent in this place.
 B = Non-inter-level travel time spent in this place.
 C = Inter-level travel time spent in this place.
 D = Time resting spent in this place.
 E = Time spent auto-exploring this place.
 F = Levels seen in this place.
 G = Mean time per level.
                   A        B        C        D        E       F      G
               +--------+--------+--------+--------+--------+-----+--------+
         Total |    120 |    120 |      0 |      0 |     32 |   1 |  120.0 |
       Dungeon |    120 |    120 |      0 |      0 |     32 |   1 |  120.0 |
               +--------+--------+--------+--------+--------+-----+--------+

Top non-repeatable levels by time:
       D: 120 daAuts
